[ AOE2 MATCH · #507106197 ]
UnrankedKoreans vs Goths
Player's team · LOSS
Rival team · WIN
[ REPLAY ANALYSIS · EXTRACTED FROM THE RECORDED GAME ]
Feudal
11:26
Castle
20:51
Imperial
—
| APM avg | 61.2 |
| APM peak | 108 |
| eAPM avg | 32.3 |
| Villagers / military | 83 / 22 |
Focus
⚔️ 25.8% · 🌾 74.2%
Monk ×15 · Iron Pagoda ×5 · Scorpion ×1 · Battering Ram ×1
Feudal
8:56
Castle
21:49
Imperial
—
| APM avg | 47.8 |
| APM peak | 103 |
| eAPM avg | 25.5 |
| Villagers / military | 76 / 69 |
Focus
⚔️ 51.6% · 🌾 48.4%
Militia ×35 · Huskarl ×23 · Battering Ram ×7 · Mangonel ×2 · Spearman ×2
Match map
Initial resources + every placement click. Lines = walls · curves = elevation contours. ◆ gold · ⬟ stone · ● berries · ✦ relic · ◌ wall gap
Your base· ✓ Closed at 20:51 · 12t walls · 4 gate(s)
[GDL] Nicky's base· ✓ Closed at 21:49 · 0t walls · 2 gate(s)
Smoothed initial terrain · ◌ = detected wall gap · hover for details
Inputs per minute
— txodro - - [GDL] Nicky
Build order — txodro
First 150 of 203 actions detected
| 0:00 | Queue | Villager (Male) |
| 0:01 | Queue | Villager (Male) |
| 0:01 | Queue | Villager (Male) |
| 0:03 | Build | House |
| 0:04 | Build | House |
| 0:06 | Queue | Villager (Male) |
| 1:28 | Queue | Villager (Male) |
| 1:55 | Build | Lumber Camp |
| 1:59 | Queue | Villager (Male) |
| 1:59 | Queue | Villager (Male) |
| 2:21 | Queue | Villager (Male) |
| 2:38 | Queue | Villager (Male) |
| 3:11 | Queue | Villager (Male) |
| 3:11 | Queue | Villager (Male) |
| 3:44 | Queue | Villager (Male) |
| 3:55 | Build | House |
| 3:56 | Build | House |
| 4:02 | Queue | Villager (Male) |
| 4:27 | Queue | Villager (Male) |
| 4:27 | Queue | Villager (Male) |
| 4:52 | Queue | Villager (Male) |
| 4:52 | Queue | Villager (Male) |
| 5:04 | Build | Mill |
| 5:31 | Queue | Villager (Male) |
| 5:31 | Queue | Villager (Male) |
| 5:31 | Queue | Villager (Male) |
| 5:43 | Queue | Villager (Male) |
| 6:43 | Queue | Villager (Male) |
| 6:54 | Queue | Villager (Male) |
| 7:04 | Queue | Villager (Male) |
| 7:17 | Build | Farm |
| 7:25 | Build | Farm |
| 8:20 | Queue | Villager (Male) |
| 8:21 | Research | Loom |
| 8:35 | Research | Feudal Age |
| 8:50 | Build | Mining Camp |
| 9:36 | Build | House |
| 9:38 | Build | House |
| 10:18 | Build | House |
| 10:30 | Build | House |
| 10:31 | Build | House |
| 10:38 | Build | House |
| 10:46 | Build | House |
| 10:52 | Build | House |
| 10:53 | Build | Palisade Wall |
| 11:18 | Queue | Villager (Male) |
| 11:26 | Age | Feudal Age |
| 11:29 | Build | Market |
| 11:41 | Build | Watch Tower |
| 11:47 | Build | House |
| 11:52 | Queue | Villager (Male) |
| 11:53 | Queue | Villager (Male) |
| 12:01 | Build | Blacksmith |
| 12:15 | Queue | Villager (Male) |
| 12:15 | Queue | Villager (Male) |
| 12:52 | Build | Farm |
| 12:53 | Build | Farm |
| 12:57 | Build | House |
| 13:03 | Build | House |
| 13:04 | Build | House |
| 13:11 | Build | House |
| 13:17 | Build | House |
| 13:18 | Queue | Villager (Male) |
| 13:22 | Build | Farm |
| 13:42 | Build | Farm |
| 13:43 | Build | Farm |
| 14:08 | Build | Watch Tower |
| 14:40 | Build | House |
| 14:44 | Queue | Villager (Male) |
| 14:45 | Queue | Villager (Male) |
| 14:46 | Queue | Villager (Male) |
| 15:03 | Build | Mining Camp |
| 15:07 | Build | Farm |
| 15:22 | Build | Farm |
| 15:23 | Queue | Villager (Male) |
| 15:39 | Build | House |
| 16:00 | Build | House |
| 16:02 | Build | House |
| 16:13 | Queue | Villager (Male) |
| 16:17 | Build | Farm |
| 16:19 | Build | Farm |
| 16:21 | Queue | Villager (Male) |
| 16:37 | Build | Stone Wall |
| 16:43 | Build | Stone Wall |
| 16:50 | Build | Farm |
| 16:51 | Queue | Villager (Male) |
| 16:53 | Build | Farm |
| 17:06 | Build | Farm |
| 17:07 | Queue | Villager (Male) |
| 17:27 | Build | Farm |
| 17:50 | Build | Stone Wall |
| 18:11 | Research | Castle Age |
| 18:56 | Build | Watch Tower |
| 19:22 | Build | Stone Wall |
| 20:51 | Age | Castle Age |
| 20:52 | Research | Double-Bit Axe |
| 20:56 | Build | Siege Workshop |
| 21:21 | Queue | Villager (Male) |
| 21:21 | Queue | Villager (Male) |
| 21:22 | Queue | Villager (Male) |
| 21:33 | Build | Town Center |
| 21:39 | Build | Farm |
| 21:40 | Queue | Iron Pagoda |
| 21:40 | Queue | Iron Pagoda |
| 21:50 | Queue | Villager (Male) |
| 21:50 | Queue | Villager (Male) |
| 22:00 | Build | Town Center |
| 22:06 | Build | Town Center |
| 22:14 | Queue | Villager (Male) |
| 22:31 | Queue | Villager (Male) |
| 22:36 | Build | Monastery |
| 22:37 | Queue | Villager (Male) |
| 24:00 | Queue | Monk |
| 24:00 | Queue | Monk |
| 24:00 | Queue | Monk |
| 24:08 | Queue | Villager (Male) |
| 24:08 | Queue | Villager (Male) |
| 24:08 | Queue | Villager (Male) |
| 24:09 | Queue | Villager (Male) |
| 24:09 | Queue | Villager (Male) |
| 24:09 | Queue | Villager (Male) |
| 24:10 | Queue | Villager (Male) |
| 24:10 | Queue | Villager (Male) |
| 24:15 | Build | Farm |
| 24:16 | Build | Farm |
| 24:18 | Build | Farm |
| 24:19 | Build | Farm |
| 24:20 | Build | Farm |
| 24:21 | Queue | Villager (Male) |
| 24:28 | Queue | Battering Ram |
| 24:30 | Queue | Iron Pagoda |
| 24:33 | Queue | Monk |
| 24:44 | Build | Mining Camp |
| 24:45 | Queue | Villager (Male) |
| 24:45 | Queue | Villager (Male) |
| 24:47 | Build | Farm |
| 24:49 | Build | Farm |
| 24:50 | Build | Farm |
| 24:51 | Queue | Villager (Male) |
| 24:54 | Build | House |
| 24:55 | Build | House |
| 24:56 | Build | House |
| 25:02 | Build | Farm |
| 25:04 | Queue | Villager (Male) |
| 25:28 | Queue | Villager (Male) |
| 25:28 | Queue | Villager (Male) |
| 25:28 | Queue | Villager (Male) |
| 25:29 | Queue | Villager (Male) |
| 25:32 | Queue | Villager (Male) |
| 26:12 | Queue | Monk |
Build order — [GDL] Nicky
First 150 of 210 actions detected
| 0:00 | Queue | Villager (Male) ×4 |
| 0:01 | Queue | Villager (Male) ×4 |
| 0:02 | Build | House |
| 0:03 | Build | House |
| 0:09 | Research | Loom |
| 0:09 | Queue | Villager (Male) ×3 |
| 1:32 | Queue | Villager (Male) |
| 1:55 | Build | Lumber Camp |
| 2:00 | Queue | Villager (Male) |
| 2:00 | Queue | Villager (Male) |
| 2:30 | Queue | Villager (Male) |
| 2:50 | Queue | Villager (Male) |
| 3:05 | Queue | Villager (Male) |
| 3:46 | Queue | Villager (Male) |
| 3:46 | Queue | Villager (Male) |
| 3:53 | Build | House |
| 3:54 | Build | House |
| 3:54 | Build | House |
| 4:08 | Queue | Villager (Male) |
| 4:52 | Queue | Villager (Male) |
| 4:54 | Queue | Villager (Male) |
| 5:33 | Build | Barracks |
| 5:42 | Queue | Villager (Male) |
| 6:10 | Queue | Villager (Male) |
| 6:46 | Research | Feudal Age |
| 6:46 | Research | Feudal Age |
| 7:04 | Build | Mining Camp |
| 7:17 | Queue | Militia |
| 7:17 | Queue | Militia |
| 7:36 | Queue | Militia |
| 7:36 | Queue | Militia |
| 7:44 | Build | House |
| 8:01 | Queue | Militia |
| 8:16 | Build | Mill |
| 8:28 | Queue | Villager (Male) |
| 8:55 | Queue | Villager (Male) |
| 8:56 | Age | Feudal Age |
| 9:04 | Research | Man-at-Arms (upgrade) |
| 9:38 | Queue | Villager (Male) |
| 9:48 | Build | Watch Tower |
| 9:55 | Build | Mining Camp |
| 9:56 | Queue | Villager (Male) |
| 10:05 | Queue | Villager (Male) |
| 10:24 | Queue | Militia |
| 10:37 | Build | House |
| 10:54 | Queue | Militia |
| 10:59 | Build | Farm |
| 11:00 | Build | Farm |
| 11:06 | Queue | Villager (Male) |
| 11:21 | Queue | Villager (Male) |
| 11:25 | Build | Farm |
| 11:44 | Build | Watch Tower |
| 11:52 | Queue | Militia |
| 11:54 | Queue | Villager (Male) |
| 12:21 | Build | Farm |
| 12:55 | Queue | Villager (Male) |
| 13:11 | Queue | Militia |
| 13:12 | Queue | Villager (Male) |
| 13:18 | Build | Blacksmith |
| 13:21 | Build | House |
| 13:25 | Research | Town Watch |
| 13:36 | Queue | Villager (Male) |
| 13:51 | Build | Watch Tower |
| 13:55 | Build | House |
| 14:17 | Research | Forging |
| 14:17 | Research | Forging |
| 14:29 | Build | House |
| 14:36 | Build | Farm |
| 14:39 | Queue | Villager (Male) |
| 14:39 | Queue | Villager (Male) |
| 15:15 | Build | House |
| 15:17 | Queue | Villager (Male) |
| 15:19 | Build | Farm |
| 15:23 | Research | Double-Bit Axe |
| 15:23 | Research | Double-Bit Axe |
| 15:41 | Queue | Villager (Male) |
| 15:42 | Queue | Villager (Male) |
| 15:57 | Build | Farm |
| 16:00 | Build | House |
| 16:13 | Queue | Villager (Male) |
| 16:22 | Build | Mining Camp |
| 16:31 | Queue | Villager (Male) |
| 16:42 | Queue | Villager (Male) |
| 16:44 | Build | Farm |
| 17:07 | Build | Farm |
| 17:21 | Queue | Villager (Male) |
| 17:49 | Build | Market |
| 17:50 | Queue | Villager (Male) |
| 18:06 | Queue | Villager (Male) |
| 18:08 | Build | Farm |
| 18:23 | Build | Watch Tower |
| 19:09 | Research | Castle Age |
| 19:09 | Research | Castle Age |
| 19:16 | Queue | Militia |
| 20:05 | Build | Barracks |
| 20:15 | Queue | Militia |
| 20:19 | Build | Farm |
| 20:21 | Build | Farm |
| 20:22 | Research | Horse Collar |
| 20:39 | Build | Farm |
| 20:44 | Queue | Villager (Male) |
| 20:46 | Build | Lumber Camp |
| 21:07 | Research | Scale Mail Armor |
| 21:10 | Queue | Villager (Male) |
| 21:26 | Research | Gold Mining |
| 21:49 | Age | Castle Age |
| 21:51 | Build | Siege Workshop |
| 21:56 | Research | Long Swordsman (upgrade) |
| 22:16 | Queue | Militia |
| 22:18 | Queue | Villager (Male) |
| 22:20 | Build | Farm |
| 22:22 | Build | Farm |
| 22:42 | Build | Castle |
| 22:51 | Queue | Mangonel |
| 22:53 | Queue | Villager (Male) |
| 23:38 | Queue | Villager (Male) |
| 23:38 | Queue | Villager (Male) |
| 23:45 | Queue | Militia |
| 23:46 | Queue | Militia |
| 24:08 | Queue | Battering Ram |
| 24:10 | Queue | Militia |
| 24:10 | Queue | Militia |
| 24:11 | Queue | Villager (Male) |
| 24:11 | Queue | Villager (Male) |
| 24:24 | Queue | Villager (Male) |
| 24:30 | Build | Farm |
| 24:53 | Queue | Huskarl |
| 24:55 | Queue | Battering Ram |
| 25:14 | Queue | Militia |
| 25:14 | Queue | Militia |
| 25:15 | Queue | Huskarl |
| 25:29 | Queue | Villager (Male) |
| 25:32 | Build | Farm |
| 25:33 | Build | Farm |
| 25:47 | Research | Fletching |
| 25:49 | Queue | Huskarl |
| 26:06 | Build | Farm |
| 26:07 | Queue | Villager (Male) |
| 26:07 | Queue | Villager (Male) |
| 26:37 | Queue | Villager (Male) |
| 26:48 | Queue | Battering Ram |
| 26:50 | Queue | Spearman |
| 26:50 | Queue | Militia |
| 26:51 | Queue | Militia |
| 26:53 | Queue | Militia |
| 26:53 | Queue | Militia |
| 27:02 | Build | Farm |
| 27:15 | Queue | Huskarl |
| 27:15 | Queue | Huskarl |
| 27:21 | Queue | Battering Ram |
Match timeline
| 5:33 | [GDL] Nicky · first_building Barracks |
| 8:56 | [GDL] Nicky · age_up feudal |
| 10:53 | txodro · wall_segment Palisade Wall x1 |
| 11:26 | txodro · age_up feudal |
| 14:04 | txodro · first_market_buy 100 stone |
| 16:37 | txodro · wall_segment Stone Wall x5 |
| 16:43 | txodro · wall_segment Stone Wall x4 |
| 17:50 | txodro · wall_segment Stone Wall x1 |
| 18:34 | [GDL] Nicky · first_market_buy 100 food |
| 19:22 | txodro · wall_segment Stone Wall x1 |
| 20:51 | txodro · age_up castle |
| 20:56 | txodro · first_building Siege Workshop |
| 21:49 | [GDL] Nicky · age_up castle |
| 21:51 | [GDL] Nicky · first_building Siege Workshop |
| 22:36 | txodro · first_building Monastery |
| 22:42 | [GDL] Nicky · first_building Castle |
| 29:36 | txodro · first_market_sell 100 food |
| 30:44 | txodro · wall_segment Palisade Wall x1 |
| 30:45 | txodro · wall_segment Palisade Wall x1 |
| 31:57 | txodro · first_building Castle |
| 32:18 | txodro · wall_segment Palisade Wall x1 |
| 33:11 | [GDL] Nicky · first_market_sell 100 food |
| 34:39 | txodro · resign |
[ AI ANALYSIS · 1 CREDIT ]
What really happened in this match?
Wolo.gg analyzes every decision: build order, eco, micro, common mistakes by bracket. Personalized analysis on WhatsApp or Discord in 30 seconds.
Civ guide
Koreans
Perfil
Jugador #991259